 Dungeon Crawl Stone Soup version 0.27.1-33-g824d729ab1 (webtiles) character file.

Game seed: 5528722142876667273

16 Descartes the Grasshopper (level 2, 0/13 HPs)
             Began as a Felid Warper on Nov 25, 2021.
             Slain by a goblin (3 damage)
             ... on level 1 of the Dungeon.
             The game lasted 00:01:22 (540 turns).

Descartes the Grasshopper (Felid Warper)             Turns: 540, Time: 00:01:23

Health: 0/13       AC:  1    Str:  7    XL:     2   Next: 41%
Magic:  6/6        EV: 19    Int: 14    God:
Gold:   41         SH:  0    Dex: 21    Spells: 5/5 levels left
                                        Lives:  0   Deaths: 0

rFire    . . .     SeeInvis +     - Unarmed
rCold    . . .     Faith    .   (shield unavailable)
rNeg     . . .     Spirit   .   (armour unavailable)
rPois    .         Reflect  .   (helmet unavailable)
rElec    .         Harm     .   (cloak unavailable)
rCorr    .         Rampage  .   (gloves unavailable)
Will     .....                  (boots unavailable)
Stlth    ++........             (no amulet)
HPRegen  0.04/turn              b - +6 ring of dexterity
MPRegen  0.10/turn              (no ring)

@: quick
A: very small, claws 1, fangs 3, see invisible, speed 1, shaggy fur 1, stealthy
paws, no weapons or thrown items, no armour, multi-lived
a: no special abilities


You were on level 1 of the Dungeon.
You visited 1 branch of the dungeon, and saw 1 of its levels.

You collected 41 gold pieces.

Inventory:

Jewellery
 b - a +6 ring of dexterity (left paw)
Scrolls
 a - a scroll of blinking
 c - a scroll of enchant weapon {unknown}
 d - a scroll of identify {unknown}


   Skills:
 - Level 2.0 Fighting
 * Level 3.9 Dodging
 + Level 1.3 Stealth
 + Level 2.3 Unarmed Combat
 - Level 2.0 Spellcasting
 - Level 4.4 Translocations


You had 5 spell levels left.
You didn't know any spells.
Your spell library contained the following spells:

 Spells                   Type           Power      Damage    Failure   Level
 Blink                    Tloc           N/A        N/A       6%          2
 Gell's Gravitas          Tloc           6%         N/A       12%         3
 Lesser Beckoning         Tloc           6%         N/A       12%         3
 Teleport Other           Tloc           13%        N/A       12%         3
 Ensorcelled Hibernation  Hex/Ice        2%         N/A       34%         2
 Spider Form              Tmut/Pois      0%         N/A       56%         3
 Manifold Assault         Tloc           13%        N/A       73%         5
 Shadow Creatures         Summ           N/A        N/A       100%        6


Dungeon Overview and Level Annotations

Branches:
Dungeon (1/15)

Altars:


Innate Abilities, Weirdness & Mutations

You have sharp claws.
You have razor-sharp teeth.
You have supernaturally acute eyesight. (SInv)
You cover ground quickly. (Speed+)
You are covered in fur. (AC +1)
Your paws help you pounce on unaware monsters.
You are incapable of wielding weapons or throwing items.
You cannot wear armour.
You gain extra lives every three experience levels.


Message History

The jackal bites you.
A hobgoblin comes into view.
The jackal closely misses you. The goblin completely misses you.
You are too injured to fight recklessly!
You are too injured to fight recklessly!
You are too injured to fight recklessly!
You are too injured to fight recklessly!
You are too injured to fight recklessly!
You are too injured to fight recklessly!
The jackal closely misses you. The jackal completely misses you.
You scratch the jackal.
The jackal is moderately wounded.
The jackal barely misses you.
You barely miss the jackal. Your bite misses the jackal.
The jackal is moderately wounded.
The jackal completely misses you. The jackal closely misses you.
You barely miss the jackal.
The jackal is moderately wounded.
The jackal barely misses you.
You scratch the jackal but do no damage.
You bite the jackal.
The jackal is heavily wounded.
You scratch the jackal but do no damage.
The jackal closely misses you.
You barely miss the jackal. You bite the jackal.
The jackal is heavily wounded.
The jackal bites you but does no damage.
You scratch the jackal but do no damage.
You bite the jackal.
You kill the jackal!
The bat hits you. The bat misses you.
You closely miss the bat. The bat misses you.
You closely miss the bat. The bat completely misses you. The bat misses you.
The bat hits you. The goblin hits you with a +0 dagger.
* * * LOW HITPOINT WARNING * * *
You scratch the goblin.
The goblin is moderately wounded.
The goblin hits you with a +0 dagger.
You die...

#. ... ...........# #.. ..
..........)# #... #.##
......†....# #.... ..#
.....##....####
......###.##......(........
......†....#..............#
......hb...................
..g...####gh..............#
...... #@#..............#
..... #.#...............
..... ####'######..........
..## #.......# #..........
## #......(# #####......
#.......# #...... #.......#
###.... #.......# #....
#.......# #####


You could see a jackal and a goblin.

Vanquished Creatures
  A ball python (D:1)
  An endoplasm (D:1)
  4 goblins (D:1)
  3 jackals (D:1)
  A quokka (D:1)
  5 bats (D:1)
15 creatures vanquished.

Notes
Turn   | Place    | Note
-------+----------+-------------------------------------------
     0 | D:1      | Descartes the Felid Warper began the quest for the Orb.
     0 | D:1      | Reached XP level 1. HP: 9/9 MP: 4/4
   227 | D:1      | Reached skill level 1 in Stealth
   227 | D:1      | Reached XP level 2. HP: 13/13 MP: 6/6
   540 | D:1      | Slain by a goblin

Illustrated notes

Levels and vault maps discovered:
D:1:      wander_arrival_chamber, layout_basic

Skill      XL: |  1 |
---------------+----+-----
Stealth        | 1 |  1.3
Fighting       | |  2.0
Dodging        | |  3.9
Unarmed Combat | |  2.3
Spellcasting   | |  2.0
Translocations | |  4.4

Action                   || total
-------------------------++-------
Melee: Unarmed           ||    41
       Bite              ||     6
       Punch             ||     1
 Stab: Sleeping          ||     2
Armor: Skin              ||     4
Dodge: Dodged            ||    38
